 Dungeon Crawl Stone Soup version 0.29-a0-362-g5854e031c7 (webtiles) character file.

Game seed: 5738105040575161626

368 Shayle the Sneak (level 6, -10/38 HPs)
             Began as a Tengu Brigand on Apr 29, 2022.
             Mangled by a wyvern (14 damage)
             ... on level 4 of the Dungeon.
             The game lasted 00:08:58 (3658 turns).

Shayle the Sneak (Tengu Brigand)                    Turns: 3658, Time: 00:08:59

Health: -10/38     AC:  6    Str: 12    XL:     6   Next: 69%
Magic:  11/11      EV: 13    Int: 13    God:
Gold:   74         SH:  0    Dex: 15    Spells: 10/10 levels left

rFire   . . .      SeeInvis .   q - +3 trident
rCold   . . .      Faith    .   (no shield)
rNeg    . . .      Spirit   .   i - +0 ring mail
rPois   .          Reflect  .   (helmet restricted)
rElec   .          Harm     .   c - +0 cloak
rCorr   .          Rampage  .   (no gloves)
Will    .....                   (boots unavailable)
Stlth   ++........              (no amulet)
HPRegen 0.12/turn               (no ring)
MPRegen 0.12/turn               (no ring)

@: flying quickly and evasively, quick
A: beak, talons 3, nimble flight
a: no special abilities


You were on level 4 of the Dungeon.
You visited 1 branch of the dungeon, and saw 4 of its levels.
You also visited: Sewer.

You collected 74 gold pieces.

Inventory:

Hand Weapons
 a - a +2 dagger
 g - a +0 dagger of draining
 q - a +3 trident (weapon)
Missiles
 d - 8 poisoned darts (quivered)
 e - 2 curare-tipped darts
Armour
 b - a +0 robe
 c - a +0 cloak (worn)
 i - a +0 ring mail (worn)
Wands
 r - a wand of flame (11)
Scrolls
 f - 5 scrolls of identify
 h - a scroll of fear
 j - a scroll of magic mapping {unknown}
 s - a scroll of vulnerability {unknown}
 y - a scroll of holy word {unknown}
 A - a scroll of noise {unknown}
 B - a scroll of immolation {unknown}
Potions
 k - a potion of lignification {unknown}
 l - a potion of curing
 m - a potion of cancellation {unknown}
 n - 2 potions of degeneration
 o - 2 potions of magic
 p - a potion of ambrosia {unknown}
 t - 2 potions of might {unknown}
 u - 3 potions of heal wounds {unknown}
 v - a potion of brilliance {unknown}
 w - 3 potions of mutation {unknown}
 x - a potion of haste {unknown}
 z - a potion of resistance {unknown}


   Skills:
 + Level 3.8 Fighting
 - Level 2.2 Short Blades
 - Level 2.0 Throwing
 + Level 3.5 Dodging
 + Level 5.4 Stealth
 + Level 2.7 Spellcasting


You had 10 spell levels left.
You didn't know any spells.
Your spell library contained the following spells:

 Spells                   Type           Power      Damage    Failure   Level
 Passage of Golubria      Tloc           1%         N/A       99%         4
 Silence                  Hex/Air        0%         N/A       100%        5
 Lehudib's Crystal Spear  Conj/Erth      0%         10d2      100%        8


Dungeon Overview and Level Annotations

Branches:
Dungeon (4/15)              Sewer (visited)
 Temple: D:4-7

Altars:
Cheibriados
Dithmenos
Makhleb
Okawaru
Yredelemnul


Innate Abilities, Weirdness & Mutations

You have a beak for a mouth.
You have claws for feet.
Your magical nature lets you fly swiftly and evasively.


Message History

There is a stone staircase leading up here.
You see here a +0 dagger.
You see here 22 stones.
There is a stone staircase leading down here.
You fly downwards.
There is a stone staircase leading up here.
Found a hand axe.
You see here a +0 hand axe.
A wyvern comes into view.
The wyvern hisses angrily.
A scorpion comes into view.
Throw: 3 darts (curare)
Press: ? - help, Q - select action, (/) - cycle Shift-Dir - straight line, f - wyvern
Aim: a wyvern (60% to hit)
You throw a curare-tipped dart. The curare-tipped dart hits the wyvern.
The wyvern is poisoned.
The wyvern convulses.
The wyvern seems to slow down.
The wyvern is moderately wounded.
You see here a +0 hand axe.
The wyvern is no longer moving slowly.
The wyvern looks more healthy.
Throw: 9 darts (poison)
Press: ? - help, Q - select action, (/) - cycle Shift-Dir - straight line, f/p - wyvern
Aim: a wyvern (almost dead, 60% to hit)
You throw a poisoned dart. The poisoned dart hits the wyvern.
The wyvern is almost dead.
Unknown command.
You hit the wyvern but do no damage.
The wyvern is almost dead.
The wyvern bites you.
You hit the wyvern but do no damage. Your kick misses the wyvern.
The wyvern is almost dead.
The wyvern bites you but does no damage.
The wyvern bites you!
You barely miss the wyvern.
The wyvern is almost dead.
The wyvern bites you!
* * * LOW HITPOINT WARNING * * *
The wyvern bites you!
You die...

##)# ####..###
###.......##
...........#
...........#
#......(..##
#..........#######
##.....l....#....###
##....@.##.............
##.....###...........
####### #..........##
##...........#
#............#
#.............
##............
#.....<....#
#.........##


You could see a wyvern.

Vanquished Creatures
  An ogre (D:2)
  A scorpion (D:3)
  3 jellies (Sewer)
  2 adders
  2 river rats (Sewer)
  6 worms
  3 dart slugs
  An orc (D:3)
  7 endoplasms
  4 giant cockroaches
  4 goblins
  4 hobgoblins (D:1)
  3 jackals (D:1)
  2 quokkas
  8 ball pythons
  8 bats
  8 frilled lizards
  10 kobolds
  5 rats
82 creatures vanquished.

Notes
Turn   | Place    | Note
-------+----------+-------------------------------------------
     0 | D:1      | Shayle the Tengu Brigand began the quest for the Orb.
     0 | D:1      | Reached XP level 1. HP: 12/12 MP: 2/2
    72 | D:1      | Reached XP level 2. HP: 2/15 MP: 3/3
   670 | D:1      | Reached XP level 3. HP: 22/22 MP: 5/5
   895 | D:1      | Reached skill level 1 in Spellcasting
  1200 | D:2      | Reached XP level 4. HP: 27/27 MP: 6/6
  1371 | D:2      | Found a faded altar of an unknown god.
  1586 | D:2      | Noticed an ogre
  1605 | D:2      | Killed an ogre
  1606 | D:2      | Gained mutation: Your magical nature lets you fly swiftly
                  | and evasively. [Tengu growth]
  1606 | D:2      | Reached XP level 5. HP: 32/32 MP: 7/9
  2005 | D:3      | Reached skill level 5 in Stealth
  2141 | D:3      | Found a basalt altar of Yredelemnul.
  2175 | D:3      | Reached XP level 6. HP: 37/37 MP: 10/10
  2386 | D:3      | Found a glowing drain.
  2395 | Sewer    | Entered a sewer
  2567 | Sewer    | Found a viscous altar of Jiyva.
  3026 | D:3      | Found a faded altar of an unknown god.
  3031 | D:3      | Found an iron altar of Okawaru.
  3114 | D:3      | Found a burning altar of Makhleb.
  3228 | D:3      | Found a snail-covered altar of Cheibriados.
  3230 | D:3      | Found a shadowy altar of Dithmenos.
  3632 | D:4      | Noticed a wyvern
  3658 | D:4      | Mangled by a wyvern

Illustrated notes

Levels and vault maps discovered:
D:1:      pf_arrival_petrified_forest, layout_rooms
D:2:      layout_loops_ring, nicolae_ecumenical_snake_handling,
          grunt_ministairs_13, kennysheep_generic_room_13
D:3:      layout_loops_ring, lemuel_doored_altar,
          nicolae_overflow_ecumenical_swirl, nicolae_overflow_hidden_temple,
          mainiacjoe_overflow_brackets, cheibrodos_sewer_entry_drain,
          dreamdust_princess_corridor
D:4:      layout_cave_pods, nzn_wu_jian_contemplation

Skill      XL: |  1  2  3  4  5 |
---------------+----------------+-----
Spellcasting   | 1 2 |  2.7
Dodging        | 2 3 |  3.5
Fighting       | 3 |  3.8
Stealth        | 5 |  5.4
Short Blades   | |  2.2
Throwing       | |  2.0

Action                   |  1- 3 |  4- 6 || total
-------------------------+-------+-------++-------
Melee: Dagger            |    90 |    32 ||   122
       Kick              |    20 |    22 ||    42
       Peck              |    10 |    20 ||    30
       Punch             |     1 |     1 ||     2
       Trident           |       |    76 ||    76
Throw: Dart              |       |     5 ||     5
  Use: Scroll            |       |     4 ||     4
 Stab: Sleeping          |     3 |     7 ||    10
       Distracted        |       |     1 ||     1
Armor: Robe              |    21 |       ||    21
       Ring mail         |    19 |    24 ||    43
Dodge: Dodged            |    42 |    52 ||    94

Table legend: (Time is in decaauts)
 A = Elapsed time spent in this place.
 B = Non-inter-level travel time spent in this place.
 C = Inter-level travel time spent in this place.
 D = Time resting spent in this place.
 E = Time spent auto-exploring this place.
 F = Levels seen in this place.
 G = Mean time per level.
                   A        B        C        D        E       F      G
               +--------+--------+--------+--------+--------+-----+--------+
         Total |   3534 |   3402 |    132 |    617 |   1840 |   5 |  706.8 |
       Dungeon |   2971 |   2839 |    132 |    363 |   1685 |   4 |  742.8 |
         Sewer |    563 |    563 |      0 |    254 |    155 |   1 |  563.0 |
               +--------+--------+--------+--------+--------+-----+--------+

Top non-repeatable levels by time:
     D:2: 999 daAuts
     D:3: 948 daAuts
     D:1: 914 daAuts
   Sewer: 563 daAuts
     D:4: 108 daAuts
